 Dungeon Crawl Stone Soup version 0.18.1-8-gdd0e5ea (webtiles) character file.

11963 GeneralIdiocy the Carver (level 11, -1/93 HPs)
             Began as a Demonspawn Gladiator on June 5, 2016.
             Was a High Priest of Okawaru.
             Slain by a sun demon (16 damage)
             ... summoned by a kobold demonologist
             ... on level 11 of the Dungeon.
             The game lasted 00:26:07 (14287 turns).

GeneralIdiocy the Carver (Demonspawn Gladiator)    Turns: 14287, Time: 00:26:07

Health: -1/93      AC: 13    Str: 18    XL:     11   Next: 56%
Magic:  11/11      EV: 11    Int: 12    God:    Okawaru [*****.]
Gold:   680        SH: 12    Dex: 14    Spells: 0 memorised, 10 levels left

rFire  . . .     SeeInvis .     r - +0 scimitar (drain)
rCold  . . .     Gourm    .     n - +0 ring mail
rNeg   . . .     Faith    .     j - +0 shield
rPois  .         Spirit   .     c - +1 helmet
rElec  .         Dismiss  .     d - +0 cloak
rCorr  .         Reflect  .     g - +1 pair of gloves
SustAt .         Harm     .     (no boots)
MR     .....                    (no amulet)
Stlth  ++++......               p - +2 ring of intelligence
                                t - ring of stealth

@: weakened, not resistant to hostile enchantments, stealthy
A: hooves 1, rugged brown scales 3, nightstalker 2
a: Heroism, Finesse, Renounce Religion


You were on level 11 of the Dungeon.
You worshipped Okawaru.
Okawaru was extremely pleased with you.
You were near starving.

You visited 1 branch of the dungeon, and saw 11 of its levels.

You collected 680 gold pieces.

Inventory:

Hand Weapons
 a - a +1 long sword
 r - a +0 scimitar of draining (weapon)
 v - a +3 scimitar
 E - the +1 demon blade of Subterfuge {pain, Dex+3}
   (Okawaru gifted it to you on level 9 of the Dungeon)

   In the hands of one skilled in necromantic magic, it inflicts extra damage on
   living creatures.
   It affects your dexterity (+3).
Armour
 c - a +1 helmet (worn)
 d - a +0 cloak (worn)
 g - a +1 pair of gloves (worn)
 j - a +0 shield (worn)
 n - a +0 ring mail (worn)
Jewellery
 p - a +2 ring of intelligence (right hand)
 t - a ring of stealth (left hand)
Wands
 h - a wand of lightning (0/15)
 q - a wand of lightning (0/15)
 z - a wand of polymorph (9/24)
 A - a wand of lightning (0/15)
 B - a wand of flame (9/48)
 C - a wand of confusion (5/48)
Scrolls
 s - a scroll of enchant weapon
 w - 2 scrolls of fog
 x - a scroll of blinking
 y - 2 scrolls of remove curse
 D - a scroll of magic mapping
 G - a scroll of fear
Potions
 e - 2 potions of agility
 k - 2 potions of flight {unknown}
 l - a potion of curing
 m - 2 potions of brilliance
 o - a potion of lignification
 u - 4 potions of haste
 H - a potion of magic {unknown}
Comestibles
 f - 6 bread rations
 I - 2 meat rations


   Skills:
 + Level 8.7 Fighting
 * Level 11.1 Long Blades
 - Level 1.7 Throwing
 - Level 2.6 Dodging
 * Level 10.6 Shields


You had 10 spell levels left.
You didn't know any spells.

Dungeon Overview and Level Annotations

Branches:
Dungeon (11/15)            Temple (0/1) D:7            Lair (0/8) D:8
    Orc: D:9-12

Altars:
Ashenzari
Cheibriados
Dithmenos
Elyvilon
Nemelex Xobeh
Okawaru
Pakellas
Qazlal
Ru
Trog
Vehumet
Zin
The Shining One


Innate Abilities, Weirdness & Mutations

You have large cloven feet.
You are completely covered in rugged brown scales (AC +3, +7% HP).
You are significantly more attuned to the shadows.


Message History

The sun demon is moderately wounded.
The chaos spawn degenerates into a cloud of primal chaos!
The kobold demonologist gestures wildly while chanting.
The sun demon hits you but does no damage.
The quasit is engulfed in seething chaos.
The quasit seems to slow down.
You hear a shout!
Drink which item? (? for menu, Esc to quit)
You feel much better. You block the sun demon's attack.
The crimson imp shouts!
You hit the sun demon but do no damage.
You kick the sun demon, but do no damage.
The sun demon is moderately wounded.
The quasit is engulfed in seething chaos.
The quasit flickers and vanishes!
Deactivating autopickup; reactivate with Ctrl-A.
The sun demon hits you!
* * * LOW HITPOINT WARNING * * *
You are engulfed in flames!
You die...

##... #.... #....
####### #.... #.....
#.... #.... #.... ...
##... #.# #. ####...)
#@# .( #....... #3#
#.# #.......
#K#####.###.......
#lD.....>.........
#####K{...............
......54.#...#........
......(..............#
.....!.(.%...........
....................


You could see a sun demon, an ice devil, a kobold demonologist, a steam dragon,
a crimson imp, a giant gecko and a kobold.

Vanquished Creatures
  The ghost of Larett the Prestidigitator, a novice DDAr (D:7)
  A hill giant (D:11)
  2 ugly things
  A kobold demonologist (D:11)
  3 trolls
  A jumping spider (D:10)
  Prince Ribbit (D:5)
  Sigmund (D:3)
  A shadow (D:11)
  5 yaks (D:10)
  A wyvern (D:10)
  Grum (D:8)
  2 hungry ghosts
  Menkaure (D:5)
  Edmund (D:6)
  A mottled dragon (D:11)
  A water moccasin (D:5)
  2 hell hounds (D:8)
  The ghost of sugabear the Poker, an amateur VSGl (D:3)
  4 sky beasts
  5 ice beasts
  2 orc warriors
  9 ogres
  3 phantoms
  5 centaurs
  3 wolves (D:8)
  6 big kobolds
  5 giant frogs
  A gnoll sergeant (D:5)
  A wyvern zombie (D:10)
  2 scorpions
  2 jellies
  14 killer bees
  12 wights
  8 howler monkeys
  4 crimson imps
  A centaur zombie (D:7)
  7 orc wizards
  6 orc priests
  A quasit (D:10)
  2 centaur skeletons
  2 hounds
  Jessica (D:2)
  3 iguanas
  8 worker ants
  A killer bee zombie (D:8)
  2 hound skeletons
  20 adders
  11 gnolls
  3 oozes
  An adder zombie (D:5)
  A worm (D:3)
  A dart slug (D:2)
  7 giant geckos
  32 orcs
  6 bats
  6 giant cockroaches
  35 goblins
  24 hobgoblins
  11 jackals
  16 kobolds
  6 quokkas
  A giant gecko skeleton (D:4)
  3 giant newts
  A jackal skeleton (D:5)
  2 quokka skeletons
  6 rats
341 creatures vanquished.

Vanquished Creatures (others)
  A deep elf knight (D:3)
1 creature vanquished.

Grand Total: 342 creatures vanquished

Notes
Turn   | Place    | Note
--------------------------------------------------------------
     0 | D:1      | GeneralIdiocy the Demonspawn Gladiator began the quest for the Orb.
     0 | D:1      | Reached XP level 1. HP: 16/16 MP: 1/1
   115 | D:1      | Gained mutation: You have large cloven feet. [demonic ancestry]
   115 | D:1      | Reached XP level 2. HP: 23/23 MP: 2/2
   594 | D:2      | Reached skill level 3 in Long Blades
   594 | D:2      | Gained mutation: You are partially covered in rugged brown scales (AC +1, +3% HP). [demonic ancestry]
   594 | D:2      | Reached XP level 3. HP: 21/29 MP: 3/3
   845 | D:2      | Reached skill level 1 in Shields
  1113 | D:2      | Found a glowing silver altar of Zin.
  1121 | D:2      | Gained mutation: You are mostly covered in rugged brown scales (AC +2, +5% HP). [demonic ancestry]
  1121 | D:2      | Reached XP level 4. HP: 27/36 MP: 4/4
  1268 | D:2      | Found an iron altar of Okawaru.
  1281 | D:2      | Became a worshipper of Warmaster Okawaru
  1621 | D:2      | Noticed Jessica
  1628 | D:2      | Killed Jessica
  1628 | D:2      | Gained mutation: You are slightly more attuned to the shadows. [demonic ancestry]
  1628 | D:2      | Reached XP level 5. HP: 32/43 MP: 5/5
  1712 | D:2      | You fall through a shaft for 2 floors!
  1864 | D:4      | Reached skill level 4 in Long Blades
  2099 | D:3      | Noticed Sigmund
  2497 | D:4      | Reached XP level 6. HP: 45/50 MP: 6/6
  2805 | D:3      | Noticed sugabear's ghost (amateur VSGl)
  3359 | D:3      | Reached * piety under Okawaru
  3366 | D:3      | Reached skill level 5 in Long Blades
  3366 | D:3      | Gained mutation: You are significantly more attuned to the shadows. [demonic ancestry]
  3366 | D:3      | Reached XP level 7. HP: 42/56 MP: 7/7
  3949 | D:3      | Found a glowing golden altar of the Shining One.
  3974 | D:3      | Found an oddly glowing altar of Pakellas.
  3977 | D:3      | Noticed a deep elf knight
  3988 | D:3      | Found a stormy altar of Qazlal.
  3988 | D:3      | Killed a deep elf knight
  4144 | D:3      | Killed sugabear's ghost
  4350 | D:3      | Found a radiant altar of Vehumet.
  4394 | D:3      | Found a shadowy altar of Dithmenos.
  4475 | D:3      | Killed Sigmund
  4475 | D:3      | Reached ** piety under Okawaru
  4795 | D:3      | Reached skill level 6 in Long Blades
  4992 | D:5      | Entered Level 5 of the Dungeon
  5034 | D:5      | Reached XP level 8. HP: 51/64 MP: 8/8
  5084 | D:5      | Reached skill level 5 in Shields
  5163 | D:5      | Found a snail-covered altar of Cheibriados.
  5309 | D:5      | Noticed Menkaure
  5315 | D:5      | Reached skill level 5 in Fighting
  5333 | D:5      | Killed Menkaure
  5355 | D:5      | Got a pair of shimmering boots
  5361 | D:5      | Identified the +2 pair of boots "Huen" {rF+} (You found it on level 5 of the Dungeon)
  5614 | D:5      | HP: 3/65 [orc warrior/great sword (22)]
  6045 | D:5      | Reached *** piety under Okawaru
  6172 | D:4      | Reached skill level 7 in Long Blades
  6681 | D:5      | Reached XP level 9. HP: 51/72 MP: 9/9
  7391 | D:6      | Found a shattered altar of Ashenzari.
  7405 | D:6      | Noticed Prince Ribbit
  7440 | D:5      | Killed Prince Ribbit
  7586 | D:5      | Reached **** piety under Okawaru
  7616 | D:6      | Noticed Edmund
  7703 | D:6      | Killed Edmund
  7703 | D:6      | Reached skill level 8 in Long Blades
  8140 | D:6      | Gained mutation: Your spells are a little easier to cast, but a little less powerful. [potion of mutation]
  8140 | D:6      | Gained mutation: Your body sometimes deteriorates upon taking damage. [potion of mutation]
  8140 | D:6      | Gained mutation: You are dopey. (Int -2) [potion of mutation]
  8559 | D:7      | Found a staircase to the Ecumenical Temple.
  8821 | D:7      | Noticed Larett's ghost (novice DDAr)
  8848 | D:7      | Killed Larett's ghost
  9040 | D:7      | Gained mutation: You are completely covered in rugged brown scales (AC +3, +7% HP). [demonic ancestry]
  9040 | D:7      | Reached XP level 10. HP: 64/82 MP: 10/10
  9043 | D:7      | Found a bloodstained altar of Trog.
  9479 | D:8      | Found a staircase to the Lair.
  9504 | D:8      | Reached skill level 9 in Long Blades
  9599 | D:8      | Noticed Grum
  9631 | D:8      | Reached ***** piety under Okawaru
 10248 | D:8      | Found a sparkling altar of Nemelex Xobeh.
 10449 | D:8      | Killed Grum
 11126 | D:9      | Gained mutation: You are very dopey. (Int -4) [potion of mutation]
 11126 | D:9      | Gained mutation: You have a pair of small horns on your head. [potion of mutation]
 11126 | D:9      | Lost mutation: You have a pair of small horns on your head. [potion of mutation]
 11220 | D:9      | Lost mutation: Your body sometimes deteriorates upon taking damage. [potion of cure mutation]
 11220 | D:9      | Lost mutation: You are very dopey. (Int -4) [potion of cure mutation]
 11220 | D:9      | Lost mutation: You are dopey. (Int -2) [potion of cure mutation]
 11220 | D:9      | Lost mutation: Your spells are a little easier to cast, but a little less powerful. [potion of cure mutation]
 11698 | D:9      | Noticed a green ugly thing
 11718 | D:9      | Killed a green ugly thing
 11718 | D:9      | Received a gift from Okawaru
 11718 | D:9      | Reached skill level 10 in Long Blades
 11731 | D:9      | Got an ancient demon blade {god gift}
 11732 | D:9      | Identified the +1 demon blade of Subterfuge {pain, Dex+3} (Okawaru gifted it to you on level 9 of the Dungeon)
 11930 | D:9      | Found a shattered altar of Ashenzari.
 11931 | D:9      | Found a white marble altar of Elyvilon.
 11934 | D:9      | Found a sacrificial altar of Ru.
 12340 | D:10     | Entered Level 10 of the Dungeon
 12388 | D:10     | Reached XP level 11. HP: 70/92 MP: 11/11
 12943 | D:10     | Noticed a green ugly thing
 12959 | D:10     | Killed a green ugly thing
 13636 | D:10     | Reached skill level 10 in Shields
 14053 | D:10     | Received a gift from Okawaru
 14054 | D:10     | Got a translucent hat {god gift}
 14067 | D:10     | Identified the +0 hat "Juikkip" {Int+4 Dex-2 Stlth+} (Okawaru gifted it to you on level 10 of the Dungeon)
 14171 | D:11     | Noticed a hill giant
 14210 | D:11     | Killed a hill giant
 14219 | D:11     | Reached skill level 11 in Long Blades
 14221 | D:11     | Noticed a sun demon
 14283 | D:11     | Noticed a sun demon
 14287 | D:11     | Slain by a sun demon

Skill      XL: |  1  2  3  4  5  6  7  8  9 10 11 |
---------------+----------------------------------+-----
Fighting       | 3 4 5 6 8 |  8.7
Long Blades    | 3 4 5 6 7 8 10 11 | 11.1
Shields        | 1 2 3 4 6 8 9 10 | 10.6
Throwing       | |  1.7
Dodging        | |  2.6

Action                   |  1- 3 |  4- 6 |  7- 9 | 10-12 || total
-------------------------+-------+-------+-------+-------++-------
Melee: Long sword        |   105 |   287 |   469 |       ||   861
       Kick              |    14 |    50 |   172 |   185 ||   421
       Scimitar          |       |       |    54 |   540 ||   594
       Demon blade       |       |       |       |   129 ||   129
Throw: Throwing net      |     3 |     3 |    11 |       ||    17
Invok: Heroism           |       |       |     1 |     1 ||     2
Evoke: Wand              |       |       |     4 |    12 ||    16
  Use: Scroll            |     4 |     7 |     5 |     5 ||    21
       Potion            |       |       |     2 |     8 ||    10
 Stab: Sleeping          |       |     2 |    10 |    11 ||    23
       Distracted        |       |       |     3 |     2 ||     5
       Held in net/web   |       |       |     9 |       ||     9
  Eat: Chunk             |     1 |     4 |    12 |     8 ||    25
       Fruit             |       |     5 |       |       ||     5
       Beef jerky        |       |       |     1 |       ||     1
       Meat ration       |       |       |     1 |     2 ||     3
       Pizza             |       |       |       |     2 ||     2
Armor: Leather armour    |    13 |       |       |       ||    13
       Ring mail         |    19 |   215 |   188 |   225 ||   647
       Skin              |       |       |       |    52 ||    52
Dodge: Dodged            |    45 |   197 |   185 |   215 ||   642
Block: Shield            |    26 |   181 |   255 |   391 ||   853
